 Dungeon Sprint DCSS version 0.30.1-11-g7821555f0a (webtiles) character file.

Game seed: 13064059997524112683

5 Heoruswealwe the Trooper (level 1, 0/20 HPs)
             Began as a Minotaur Fighter on Jan 2, 2024.
             Slain by an iguana (8 damage)
             ... in the Dungeon (Sprint IX: "|||||||||||||||||||||||||||||").
             The game lasted 00:00:17 (27 turns).

Heoruswealwe the Trooper (Minotaur Fighter)           Turns: 27, Time: 00:00:17

Health: 0/20       AC:  7    Str: 20    XL:     1   Next: 66%
Magic:  0/0        EV:  9    Int:  5    God:
Gold:   0          SH:  4    Dex:  9    Spells: 0/0 levels left

rFire   . . .        a - +0 trident
rCold   . . .        d - +0 buckler
rNeg    . . .        c - +0 scale mail
rPois   .            (helmet restricted)
rElec   .            (no cloak)
rCorr   .            (no gloves)
SInv    .            (no boots)
Will    .....        (no amulet) Stlth
                     (no ring)
HPRegen 0.23/turn    (no ring)
MPRegen 0.07/turn

%: no teleportation
@: no status effects
A: horns 2, retaliatory headbutt
a: no special abilities


You were in the Dungeon.
You visited 1 branch

Inventory:

Hand Weapons
 a - a +0 trident (weapon)
Armour
 c - a +0 scale mail (worn)
 d - a +0 buckler (worn)
Scrolls
 j - a scroll of blinking
Potions
 b - a potion of might
 e - a potion of curing
 f - a potion of heal wounds
 g - a potion of haste
 i - a potion of berserk rage


   Skills:
 + Level 4.2 Fighting
 * Level 3.8 Polearms
 + Level 4.2 Armour
 - Level 3.6 Shields


You couldn't memorise any spells.
You didn't know any spells.
Your spell library was empty.

Dungeon Overview and Level Annotations

Branches:
Dungeon (1/1)

Altars:


Innate Abilities, Weirdness & Mutations

You have a pair of horns on your head.
You reflexively headbutt those who attack you in melee.


Message History

Your Armour skill increases to level 4!
You puncture the ball python!
You kill the ball python!
You hit the endoplasm.
The endoplasm is almost dead.
The endoplasm hits you but does no damage.
You hit the endoplasm but do no damage.
The endoplasm is almost dead.
The endoplasm freezes you.
You are frozen.
The endoplasm hits you but does no damage.
You hit the endoplasm but do no damage. You headbutt the endoplasm.
You kill the endoplasm!
You see here a +0 club.
You open the door.
An orc priest, 2 iguanas, a water moccasin and a scorpion come into view.
The iguana hisses angrily. x2; The water moccasin hisses angrily.
You closely miss the iguana. Your headbutt misses the iguana.
The iguana bites you but does no damage.
You closely miss the iguana. The iguana bites you.
You barely miss the iguana. You headbutt the iguana!
The iguana is heavily wounded.
The iguana barely misses you. You furiously retaliate!
You headbutt the iguana. You barely miss the iguana.
The iguana is severely wounded.
The iguana barely misses you. You furiously retaliate!
You headbutt the iguana. The iguana bites you.
You closely miss the iguana.
The iguana is almost dead.
You block the iguana's attack.
You hit the iguana.
The iguana is almost dead.
The iguana bites you.
You barely miss the iguana.
The iguana is almost dead.
The iguana barely misses you.
You closely miss the iguana.
The iguana is almost dead.
The iguana bites you!
You die... ▓▓▓▓▓▓▓▓▓▓▓▓▓▓▓▓▓▓ ▓<.!.')...@lolSs.+ ▓▓▓▓▓▓▓▓▓▓▓▓▓▓▓▓▓▓

You could see a water moccasin, a scorpion, 2 iguanas and an orc priest.

Vanquished Creatures
  2 endoplasms (D)
  A goblin (D)
  A ball python (D)
  A frilled lizard (D)
5 creatures vanquished.

Notes
Turn   | Place    | Note
-------+----------+-------------------------------------------
     0 | D        | Heoruswealwe the Minotaur Fighter began the quest for the
                  | Orb.
     0 | D        | Reached XP level 1. HP: 19/19 MP: 0/0
    19 | D        | Noticed an iguana
    19 | D        | Noticed an orc priest
    19 | D        | Noticed an iguana
    19 | D        | Noticed a water moccasin
    19 | D        | Noticed a scorpion
    27 | D        | Slain by an iguana

Illustrated notes

Levels and vault maps discovered:
D:        linesprint [early_d, line_temple, items_1, d_10, items_2, lair_1,
          lair_end, items_3, orc_1, orc_end, items_4, d_15, swamp_1, shoals_1,
          snake_1, spider_1, d_20, vaults_1, items_5, swamp_end, shoals_end,
          snake_end, spider_end, vaults_end, d_27, items_6, zot_1, zot_end,
          crypt_end, forest_end, elf_end, slime_end, tomb_end, abyss_end,
          pan_hell_end]

Skill      XL: |  1 |
---------------+----+-----
Polearms       | 3 |  3.8
Fighting       | 4 |  4.2
Armour         | 4 |  4.2
Shields        | |  3.6

Action                     || total
---------------------------++-------
  Melee: Trident           ||    16
         Headbutt          ||     3
 Armour: Scale mail        ||     3
  Dodge: Dodged            ||     5
  Block: Buckler           ||     1
